 Dungeon Sprint DCSS version 0.19.0-24-gb05acd6 (webtiles) character file.

511308 igo the Swordmaster (level 21, -7/219 HPs)
             Began as a Deep Dwarf Berserker on Nov 21, 2016.
             Was the Champion of the Shining One.
             Killed from afar by a Brimstone Fiend (16 damage)
             ... with damnation
             ... summoned by Cerebov
             ... in the Dungeon (Sprint IX: "|||||||||||||||||||||||||||||").
             The game lasted 01:20:51 (11474 turns).

igo the Swordmaster (Deep Dwarf Berserker)         Turns: 11474, Time: 01:20:52

Health: -7/219     AC: 51    Str: 31    XL:     21   Next: 27%
Magic:  27/36      EV: 23    Int: 13    God:    the Shining One [******]
Gold:   1087       SH: 16    Dex: 15    Spells: 4 memorised, 59 levels left

rFire  + . .     SeeInvis .     l - +5 triple sword (holy)
rCold  + . .     Gourm    .     o - +4 gold dragon scales
rNeg   + + +     Faith    .     (shield currently unavailable)
rPois  +         Spirit   .     q - +2 helmet
rElec  .         Reflect  .     F - +2 cloak
rCorr  .         Harm     .     O - +2 pair of gloves
MR     +++..     NoTele   +     p - +2 pair of boots
Stlth  +.........               Z - amulet of Harmony {rPois rF+ Regen+ Int-3}
                                g - +4 ring of protection
                                n - ring of the Failed Coup {*Corrode +Blink +Fly Int+8 Dex+3}

@: divine shield, fire vulnerable, very slightly contaminated, non-regenerating,
hasted, glowing, studying Throwing, very quick
A: damage resistance, recharge devices, talons 1, frail 1, negative energy
resistance 1, sense surroundings 3, slow regeneration 3, subdued magic 1
a: Device Recharging, Divine Shield, Cleansing Flame, Summon Divine Warrior,
Brand Weapon With Holy Wrath, Renounce Religion, Evoke Blink, Evoke Flight
}: 9/15 runes: decaying, serpentine, barnacled, slimy, elven, silver, golden,
abyssal, gossamer


You were in the Dungeon.
You worshipped the Shining One.
The Shining One was exalted by your worship.
You were hungry.

You visited 1 branch You collected 1999 gold pieces.
You spent 912 gold pieces at shops.

Inventory:

Hand Weapons
 a - a +1 great sword of flaming
 i - a +2 antimagic triple sword
 l - a +5 triple sword of holy wrath (weapon)
 s - a +1 triple sword of slicing
 z - a +5 sacred scourge of holy wrath
 E - the +7 great sword "Kutialio" {slice, rPois rC++ MP-9}
   (Trog gifted it to you in the Dungeon)

   It inflicts extra damage upon your enemies.
   It greatly protects you from cold.
   It protects you from poison.
   It affects your magic capacity (-9).
 G - a +4 antimagic triple sword
 U - a +2 antimagic triple sword
 W - a +2 triple sword of slicing
Missiles
 R - 3 tomahawks of returning (quivered)
Armour
 o - +4 gold dragon scales (worn)
 p - a +2 pair of boots (worn)
 q - a +2 helmet (worn)
 F - a +2 cloak (worn)
 O - a +2 pair of gloves (worn)
 S - the +15 Maxwell's patent armour {-Cast -Tele rElec MR+ rCorr}
   (You found it in the Dungeon)

   It insulates you from electricity.
   It affects your resistance to hostile enchantments.
   It prevents spellcasting.
   It prevents most forms of teleportation.
   It protects you from acid and corrosion.
Magical Staves
 m - an uncursed staff of energy
Jewellery
 g - a +4 ring of protection (right hand)
 j - the amulet of Yre Douc {Spirit rN+ Slay+3}
   (You found it in the Dungeon)

   [amulet of guardian spirit]

   It causes incoming damage to be split between your health and magic.
   It affects your accuracy and damage with ranged weapons and melee attacks
   (+3).
   It protects you from negative energy.
 n - the ring of the Failed Coup (left hand) {*Corrode +Blink +Fly Int+8 Dex+3}
   (You found it in the Dungeon)

   [ring of dexterity]

   It affects your intelligence (+8).
   It affects your dexterity (+3).
   It lets you fly.
   It lets you blink.
   It may corrode you when you take damage.
 K - an uncursed ring of see invisible
 L - an uncursed ring of protection from magic
 M - an uncursed ring of protection from cold
 V - the ring of Xalu {Wiz Str+4 Dex+2 Stlth-}
   (You found it in the Dungeon)

   [ring of wizardry]

   It improves your spell success rate.
   It affects your strength (+4).
   It affects your dexterity (+2).
   It makes you less stealthy.
 X - the ring of Ru's Favour {+Inv EV+3 Str+3}
   (You found it in the Dungeon)

   [ring of evasion]

   It affects your evasion (+3).
   It affects your strength (+3).
   It lets you turn invisible.
 Z - the amulet of Harmony (around neck) {rPois rF+ Regen+ Int-3}
   (You found it in the Dungeon)

   [amulet of regeneration]

   It affects your intelligence (-3).
   It protects you from fire.
   It protects you from poison.
   It increases your rate of regeneration.
Wands
 c - a wand of heal wounds (4/9)
 N - a wand of hasting (1/9)
Scrolls
 e - 3 scrolls of amnesia
 k - 4 scrolls of remove curse
 w - 4 scrolls of identify
 H - 2 scrolls of enchant armour
 Q - a scroll of fear
 T - 4 scrolls of enchant weapon
Potions
 h - 4 potions of magic
 v - a potion of cure mutation
 Y - a potion of ambrosia {unknown}
Books
 b - a book of Changes

   Spells                             Type                      Level
   a - Beastly Appendage              Transmutation                1
   b - Sticks to Snakes               Transmutation                2
   c - Spider Form                    Transmutation/Poison         3
   d - Ice Form                       Ice/Transmutation            4
   e - Blade Hands                    Transmutation                5
 r - a manual of Throwing
 t - Sif Muna's Compendium of Earthen Heat
   (You found it in the Dungeon)

   Spells                             Type                      Level
   a - Flame Tongue                   Conjuration/Fire             1
   b - Lee's Rapid Deconstruction     Earth                        5
   c - Statue Form                    Transmutation/Earth          6
 D - a book of Death

   Spells                             Type                      Level
   a - Corpse Rot                     Necromancy                   2
   b - Sublimation of Blood           Necromancy                   2
   c - Agony                          Necromancy                   5
   d - Dispel Undead                  Necromancy                   5
   e - Excruciating Wounds            Charms/Necromancy            5
   f - Bolt of Draining               Conjuration/Necromancy       5
   The Shining One disapproves of the use of such an item.
 I - a book of Minor Magic

   Spells                             Type                      Level
   a - Magic Dart                     Conjuration                  1
   b - Blink                          Translocation                2
   c - Call Imp                       Summoning                    2
   d - Repel Missiles                 Charms/Air                   2
   e - Slow                           Hexes                        2
   f - Conjure Flame                  Conjuration/Fire             3
   g - Mephitic Cloud                 Conjuration/Poison/Air       3
 J - a book of Maledictions

   Spells                             Type                      Level
   a - Corona                         Hexes                        1
   b - Ensorcelled Hibernation        Hexes/Ice                    2
   c - Confuse                        Hexes                        3
   d - Tukima's Dance                 Hexes                        3
   e - Dazzling Spray                 Conjuration/Hexes            3
Miscellaneous
 u - a disc of storms
Comestibles
 d - 3 bread rations
 B - 44 fruits
 C - 13 meat rations


   Skills:
 O Level 27 Fighting
 O Level 27 Long Blades
 - Level 5.9 Throwing
 O Level 27 Armour
 O Level 27 Dodging
 O Level 27 Stealth
 O Level 27 Spellcasting
 - Level 2.0 Charms
 O Level 27 Necromancy
 - Level 2.5 Translocations
 + Level 0.0 Transmutations
 - Level 1.6 Air Magic
 + Level 0.0 Earth Magic
 O Level 27 Invocations
 O Level 27 Evocations


You had 59 spell levels left.
You knew the following spells:

 Your Spells              Type           Power        Failure   Level  Hunger
a - Repel Missiles        Chrm/Air       ###...       8%          2    None
b - Blink                 Tloc           N/A          6%          2    None
c - Dispel Undead         Necr           ######..     0%          5    ##.....
d - Statue Form           Tmut/Erth      ##.......    100%        6    ####...


Dungeon Overview and Level Annotations

Branches:
Dungeon (1/1)

Altars:
Cheibriados
Dithmenos
Elyvilon
Fedhas
Gozag
Hepliaklqana
Kikubaaqudgha
Makhleb
Nemelex Xobeh
Okawaru
Qazlal
Ru
Sif Muna
Trog
Uskayaw
Vehumet
Xom
Yredelemnul
Zin
The Shining One
Beogh
Jiyva
Lugonu

Shops:
D =?:}

Annotations:
D Asmodeus, Cerebov, Lom Lobon


Innate Abilities, Weirdness & Mutations

You are resistant to damage.
You can recharge devices by infusing magical energy.
You resist negative energy. (rN+)
You passively map a large area around you.
You do not regenerate.
You have sharp toenails.
You are frail. (-10% HP)
Your spells are a little easier to cast, but a little less powerful.


Message History

You completely miss Cerebov.
Cerebov is almost dead.
You are engulfed in roaring flames.
You resist.
You hit Cerebov but do no damage.
Cerebov is almost dead.
You are engulfed in roaring flames.
You resist. The Brimstone Fiend gestures at you.
The sphere of damnation explodes!
The damnation engulfs you!
* * * LOW HITPOINT WARNING * * *
The damnation engulfs Cerebov.
Cerebov completely resists.
The damnation engulfs the Brimstone Fiend.
The Brimstone Fiend completely resists.
Cerebov hits you but does no damage.
You hit Cerebov.
Cerebov convulses.
Cerebov is almost dead.
You are engulfed in roaring flames.
You resist.
Unknown command.
You blink.
You feel slightly more hungry. The Brimstone Fiend gestures at you.
The sphere of damnation explodes!
The damnation engulfs you!
You die...

▓▓▓▓▓▓▓▓▓▓▓▓▓▓▓▓▓▓▓▓
..(▓...▓...▓†.†▓&&.▓
.▓.▓.▓.▓.▓.▓.▓.▓&▓§▓
.▓.▓.▓.▓.▓.▓.▓.▓§▓.▓
.▓(▓.▓.▓.▓.▓.▓.▓1▓v▓
.▓)▓.▓.▓.▓)▓.▓.▓.▓.▓
.▓(▓.▓.▓.▓)▓.▓'▓.▓§▓
.▓.▓.▓.▓.▓)▓.▓.▓@▓.▓
.▓)▓.▓.▓.▓)▓.▓.▓.▓&▓
.▓.▓.▓)▓.▓.▓.▓.▓.▓.▓
.▓.▓.▓'▓.▓.▓.▓.▓.▓.▓
.▓.▓.▓.▓.▓.▓.▓.▓.▓.▓
.▓.▓.▓.▓.▓.▓.▓.▓.▓.▓
.▓.▓.▓)▓.▓.▓.▓.▓.▓.▓
.▓)▓.▓.▓.▓.▓.▓.▓.▓.▓
.▓)▓.▓.▓.▓.▓.▓.▓.▓.▓


You could see Cerebov, Asmodeus, Lom Lobon and a Brimstone Fiend.

Vanquished Creatures
  the Royal Jelly (D)
  4 orbs of fire (D)
  Mara (D)
  2 ancient liches (D)
  Sojobo (D)
  5 greater mummies (D)
  Geryon (D)
  A curse toe (D)
  3 golden dragons (D)
  Nikola (D)
  2 bone dragons (D)
  3 electric golems (D)
  4 liches (D)
  Rupert (D)
  2 titans (D)
  29 Orb Guardians (D)
  5 tentacled monstrosities (D)
  2 quicksilver dragons (D)
  10 acid blobs (D)
  2 deep elf blademasters (D)
  14 sphinxes (D)
  2 death cobs (D)
  A deep elf master archer (D)
  Agnes (D)
  2 tengu reavers (D)
  8 shadow dragons (D)
  3 storm dragons (D)
  2 nagarajas (D)
  A draconian monk (D)
  6 azure jellies (D)
  Ilsuiw (D)
  4 frost giants (D)
  3 fire giants (D)
  2 ghost moths (D)
  2 vault wardens (D)
  2 draconian knights (D)
  2 draconian zealots (D)
  5 deep elf sorcerers (D)
  2 emperor scorpions (D)
  3 draconian scorchers (D)
  2 ironheart preservers (D)
  6 stone giants (D)
  A starcursed mass (D)
  A draconian annihilator (D)
  2 deep elf demonologists (D)
  A green draconian (D)
  7 vampire knights (D)
  Azrael (D)
  3 white draconians (D)
  2 black draconians (D)
  4 yellow draconians (D)
  A mottled draconian (D)
  A purple draconian (D)
  A deep elf annihilator (D)
  A red draconian (D)
  A spark wasp (D)
  3 mummy priests (D)
  A merfolk impaler (D)
  A deep elf death mage (D)
  3 merfolk javelineers (D)
  5 death oozes (D)
  4 ettins (D)
  4 yaktaur captains (D)
  Snorg (D)
  3 fire dragons (D)
  2 great orbs of eyes (D)
  Harold (D)
  9 hydras (D)
  25 vault guards (D)
  2 ice dragons (D)
  4 naga warriors (D)
  3 ogre magi (D)
  2 centaur warriors (D)
  2 merfolk aquamancers (D)
  An alligator (D)
  2 merfolk avatars (D)
  2 shock serpents (D)
  A vampire mage (D)
  Sonja (D)
  A large abomination (D)
  2 deep elf knights (D)
  A wretched star (D)
  A sea snake (D)
  A hell knight (D)
  A naga ritualist (D)
  A flayed ghost (D)
  4 swamp dragons (D)
  A spriggan druid (D)
  4 hill giants (D)
  4 ironbrand convokers (D)
  6 ugly things (D)
  A lindwurm (shapeshifter) (D)
  3 wolf spiders (D)
  2 orb spiders (D)
  A harpy (D)
  8 orc sorcerers (D)
  5 orc knights (D)
  3 cyclopes (D)
  An elephant (D)
  2 manticores (D)
  A guardian serpent (D)
  12 moths of wrath (D)
  5 naga magi (D)
  3 vault sentinels (D)
  2 black mambas (D)
  3 komodo dragons (D)
  6 yaktaurs (D)
  2 freezing wraiths (D)
  3 demonic crawlers (D)
  2 tengu conjurers (D)
  19 guardian mummies (D)
  A wandering mushroom (D)
  3 merfolk (D)
  A polar bear (D)
  3 hornets (D)
  2 bog bodies (D)
  2 slime creatures (D)
  A two-headed ogre (D)
  A hippogriff (D)
  2 redbacks (D)
  11 spriggans (D)
  A spriggan (shapeshifter) (D)
  A shadow (D)
  A water elemental (D)
  2 yaks (D)
  3 fire elementals (D)
  A golden eye (shapeshifter) (D)
  A neqoxec (D)
  A mottled dragon (D)
  2 nagas (D)
  3 hell hounds (D)
  2 floating eyes (D)
  2 water moccasins (D)
  A porcupine (D)
  2 swamp drakes (D)
  10 orc warriors (D)
  2 ice beasts (D)
  A sky beast (D)
  6 black bears (D)
  2 eyes of draining (D)
  A boggart (D)
  4 crocodiles (D)
  3 bullfrogs (D)
  A crimson imp (D)
  A jelly (D)
  2 orc priests (D)
  9 orc wizards (D)
  An ufetubus (D)
  An adder zombie (D)
  2 leopard geckos (D)
  8 orcs (D)
  A giant cockroach (D)
  A jackal (D)
  2 bats (D)
  A frilled lizard (D)
  A jackal zombie (D)
  A leopard gecko skeleton (D)
  A rat (D)
486 creatures vanquished.

Vanquished Creatures (collateral kills)
  Mennas (D)
  Jory (D)
  A lich (D)
  A nagaraja (D)
  A ghost moth (D)
  A large abomination (D)
  A merfolk javelineer (D)
  A deep elf death mage (D)
  A deep elf high priest (D)
  2 merfolk impalers (D)
  A merfolk aquamancer (D)
  2 hill giants (D)
  3 wolf spiders (D)
  A moth of wrath (D)
  2 naga magi (D)
  A guardian mummy (D)
  2 demonic crawlers (D)
  A merfolk (D)
  2 redbacks (D)
  A naga (D)
  An ogre (D)
28 creatures vanquished.

Vanquished Creatures (others)
  A sun demon (D)
  A wizard (D)
  An unseen horror (shapeshifter) (D)
  2 spiny frogs (D)
  A polar bear (D)
  A blink frog (D)
  An insubstantial wisp (D)
8 creatures vanquished.

Grand Total: 522 creatures vanquished

Notes
Turn   | Place    | Note
-------+----------+-------------------------------------------
     0 | D        | igo the Deep Dwarf Berserker began the quest for the Orb.
     0 | D        | Reached XP level 1. HP: 20/20 MP: 1/1
    14 | D        | Reached ** piety under Trog
    25 | D        | Noticed an ice beast
    25 | D        | Noticed a crimson imp
    31 | D        | Killed an ice beast
    31 | D        | Reached XP level 2. HP: 22/31 MP: 2/2
    31 | D        | Reached XP level 3. HP: 26/37 MP: 3/3
    31 | D        | Reached XP level 4. HP: 32/45 MP: 4/4
    32 | D        | Reached *** piety under Trog
    39 | D        | Reached skill level 5 in Armour
    39 | D        | Reached skill level 5 in Dodging
    45 | D        | Found a roughly hewn altar of Beogh.
    45 | D        | Found a snail-covered altar of Cheibriados.
    45 | D        | Found a shadowy altar of Dithmenos.
    45 | D        | Found a white marble altar of Elyvilon.
    45 | D        | Found a blossoming altar of Fedhas.
    45 | D        | Found an opulent altar of Gozag.
    46 | D        | Found a hazy altar of Hepliaklqana.
    47 | D        | Found a viscous altar of Jiyva.
    48 | D        | Found an ancient bone altar of Kikubaaqudgha.
    49 | D        | Found a corrupted altar of Lugonu.
    50 | D        | Found a burning altar of Makhleb.
    52 | D        | Found a sparkling altar of Nemelex Xobeh.
    53 | D        | Found an iron altar of Okawaru.
    54 | D        | Found a stormy altar of Qazlal.
    55 | D        | Found a sacrificial altar of Ru.
    56 | D        | Found a deep blue altar of Sif Muna.
    57 | D        | Found a bloodstained altar of Trog.
    58 | D        | Found a hide-covered altar of Uskayaw.
    59 | D        | Found a radiant altar of Vehumet.
    60 | D        | Found a shimmering altar of Xom.
    61 | D        | Found a basalt altar of Yredelemnul.
    62 | D        | Found a glowing silver altar of Zin.
    63 | D        | Found a glowing golden altar of the Shining One.
   116 | D        | Noticed a sky beast
   116 | D        | Noticed a hill giant
   116 | D        | Noticed a hornet
   116 | D        | Noticed a two-headed ogre
   122 | D        | Killed a hill giant
   122 | D        | Reached **** piety under Trog
   122 | D        | Reached skill level 10 in Long Blades
   122 | D        | Reached XP level 5. HP: 57/57 MP: 5/5
   122 | D        | Reached XP level 6. HP: 66/66 MP: 6/6
   122 | D        | Reached XP level 7. HP: 72/72 MP: 7/7
   138 | D        | Killed a hornet
   140 | D        | Killed a two-headed ogre
   140 | D        | Reached XP level 8. HP: 79/81 MP: 8/8
   141 | D        | Reached ***** piety under Trog
   148 | D        | Noticed a slime creature
   148 | D        | Noticed a hill giant
   148 | D        | Noticed a cyan ugly thing
   148 | D        | Noticed a green ugly thing
   158 | D        | Killed a slime creature
   178 | D        | Killed a hill giant
   192 | D        | Killed a brown ugly thing
   192 | D        | Reached skill level 10 in Armour
   192 | D        | Reached skill level 10 in Dodging
   195 | D        | HP: 3/126 [acid (4)]
   198 | D        | Killed a brown ugly thing
   198 | D        | Gained mutation: You passively map the area around you. [Deep Dwarf growth]
   198 | D        | Reached XP level 9. HP: 4/91 MP: 9/9
   199 | D        | Received a gift from Trog
   331 | D        | Noticed a komodo dragon
   331 | D        | Noticed a black mamba
   335 | D        | Noticed a komodo dragon
   336 | D        | Killed a komodo dragon
   337 | D        | Noticed a six-headed hydra
   342 | D        | Killed a black mamba
   358 | D        | Killed a komodo dragon
   366 | D        | Killed a 14-headed hydra
   366 | D        | Reached skill level 10 in Fighting
   366 | D        | Reached XP level 10. HP: 55/102 MP: 10/10
   419 | D        | Reached ****** piety under Trog
   420 | D        | Noticed an elephant
   423 | D        | Received a gift from Trog
   423 | D        | Reached skill level 15 in Long Blades
   442 | D        | Killed an elephant
   466 | D        | Received a gift from Trog
   613 | D        | Received a gift from Trog
   638 | D        | Received a gift from Trog
   670 | D        | Noticed an orc knight
   678 | D        | Killed an orc knight
   695 | D        | Received a gift from Trog
   701 | D        | Noticed an orc knight
   726 | D        | Killed an orc knight
   726 | D        | Reached XP level 11. HP: 58/111 MP: 3/11
   734 | D        | Received a gift from Trog
   755 | D        | Found Weriem's Jewellery Emporium.
   755 | D        | Noticed an orc sorcerer
   755 | D        | Noticed an orc sorcerer
   755 | D        | Noticed an orc sorcerer
   755 | D        | Noticed an orc sorcerer
   756 | D        | Noticed a soul eater
   760 | D        | Killed an orc sorcerer
   768 | D        | Killed an orc sorcerer
   769 | D        | Killed an orc sorcerer
   769 | D        | Killed an orc sorcerer
   769 | D        | Received a gift from Trog
   770 | D        | Found Heruroaf's Magic Scroll Shoppe.
   780 | D        | Found Yserink's Book Emporium.
   782 | D        | Found Alew's Gadget Shoppe.
   783 | D        | Noticed an orc sorcerer
   784 | D        | Noticed an orc sorcerer
   785 | D        | Noticed an orc sorcerer
   787 | D        | Received a gift from Trog
   790 | D        | Noticed a sixfirhy
   790 | D        | Noticed an orc sorcerer
   801 | D        | Killed an orc sorcerer
   816 | D        | Killed an orc sorcerer
   818 | D        | Killed an orc sorcerer
   820 | D        | Killed an orc sorcerer
   820 | D        | Received a gift from Trog
   846 | D        | Bought a disc of storms for 200 gold pieces
   850 | D        | Bought a scroll of blinking for 82 gold pieces
   868 | D        | Bought a book of Minor Magic for 280 gold pieces
   868 | D        | Bought a book of Maledictions for 350 gold pieces
  1003 | D        | Noticed Harold
  1024 | D        | Killed Harold
  1139 | D        | Noticed a hill giant
  1140 | D        | Noticed a wizard
  1145 | D        | Noticed a hell knight
  1149 | D        | Killed a hill giant
  1150 | D        | Noticed a centaur warrior
  1156 | D        | Received a gift from Trog
  1159 | D        | Noticed a lich
  1159 | D        | Killed an unseen horror
  1159 | D        | Killed a wizard
  1162 | D        | Noticed a queen ant
  1164 | D        | Noticed a minotaur
  1164 | D        | a queen ant changed into a minotaur
  1170 | D        | Noticed a queen ant
  1170 | D        | a minotaur changed into a queen ant
  1171 | D        | Noticed a fire dragon
  1171 | D        | a queen ant changed into a fire dragon
  1180 | D        | a fire dragon changed into a faun
  1182 | D        | Killed a lich
  1182 | D        | Reached XP level 12. HP: 75/126 MP: 4/12
  1185 | D        | Reached skill level 15 in Armour
  1185 | D        | Reached skill level 15 in Dodging
  1191 | D        | Killed a centaur warrior
  1201 | D        | Received a gift from Trog
  1278 | D        | Noticed Rupert
  1288 | D        | Killed Rupert
  1307 | D        | Noticed Sonja
  1321 | D        | Killed Sonja
  1385 | D        | Noticed an emperor scorpion
  1394 | D        | Received a gift from Trog
  1402 | D        | Killed an emperor scorpion
  1429 | D        | Noticed a naga warrior
  1445 | D        | Killed a naga warrior
  1448 | D        | Received a gift from Trog
  1448 | D        | Reached XP level 13. HP: 84/136 MP: 4/13
  1485 | D        | Received a gift from Trog
  1601 | D        | HP: 4/136 [alligator (12)]
  1608 | D        | Received a gift from Trog
  1723 | D        | Noticed a merfolk javelineer
  1723 | D        | Noticed a merfolk impaler
  1746 | D        | Killed a merfolk javelineer
  1770 | D        | Received a gift from Trog
  1903 | D        | Noticed Snorg
  1913 | D        | Killed Snorg
  1913 | D        | Reached skill level 15 in Fighting
  1930 | D        | Noticed Azrael
  1945 | D        | Killed Azrael
  2025 | D        | Noticed a sphinx
  2032 | D        | Killed a sphinx
  2032 | D        | Received a gift from Trog
  2036 | D        | Noticed a stone giant
  2038 | D        | Noticed an ettin
  2050 | D        | Noticed a fire giant
  2061 | D        | Received a gift from Trog
  2068 | D        | Killed a stone giant
  2076 | D        | Received a gift from Trog
  2078 | D        | Killed an ettin
  2085 | D        | Killed a fire giant
  2094 | D        | Noticed a fire dragon
  2107 | D        | Received a gift from Trog
  2107 | D        | Gained mutation: You resist negative energy. (rN+) [Deep Dwarf growth]
  2107 | D        | Reached XP level 14. HP: 24/148 MP: 4/14
  2111 | D        | Noticed a fire giant
  2128 | D        | Killed a fire giant
  2201 | D        | Received a gift from Trog
  2205 | D        | Noticed an Orb Guardian
  2205 | D        | Noticed a vault warden
  2215 | D        | Killed an Orb Guardian
  2232 | D        | Killed a vault warden
  2235 | D        | Received a gift from Trog
  2239 | D        | Noticed a red draconian scorcher
  2268 | D        | Killed a red draconian scorcher
  2268 | D        | Received a gift from Trog
  2391 | D        | Noticed a vault warden
  2393 | D        | Noticed an ironheart preserver
  2395 | D        | Noticed a stone giant
  2402 | D        | Killed a vault warden
  2409 | D        | Noticed an ironheart preserver
  2415 | D        | Killed an ironheart preserver
  2415 | D        | Received a gift from Trog
  2422 | D        | Killed a stone giant
  2425 | D        | Killed an ironheart preserver
  2435 | D        | Received a gift from Trog
  2494 | D        | Noticed Jory
  2517 | D        | Killed Jory
  2610 | D        | Noticed Nikola
  2632 | D        | Killed Nikola
  2632 | D        | Received a gift from Trog
  2939 | D        | Received a gift from Trog
  2942 | D        | Reached XP level 15. HP: 149/162 MP: 7/15
  2959 | D        | Received a gift from Trog
  2991 | D        | Got a decaying rune of Zot
  3026 | D        | Noticed a nagaraja
  3028 | D        | Noticed a nagaraja
  3043 | D        | Killed a nagaraja
  3046 | D        | Received a gift from Trog
  3064 | D        | Killed a nagaraja
  3069 | D        | Received a gift from Trog
  3101 | D        | Noticed a nagaraja
  3103 | D        | Got a serpentine rune of Zot
  3115 | D        | Killed a nagaraja
  3115 | D        | Received a gift from Trog
  3220 | D        | Noticed Ilsuiw
  3244 | D        | Killed Ilsuiw
  3244 | D        | Received a gift from Trog
  3247 | D        | Received a gift from Trog
  3272 | D        | Received a gift from Trog
  3316 | D        | Received a gift from Trog
  3360 | D        | Killed a ghost moth
  3369 | D        | Received a gift from Trog
  3391 | D        | Got a gossamer rune of Zot
  3523 | D        | Received a gift from Trog
  3552 | D        | Reached skill level 27 in Long Blades
  3590 | D        | Received a gift from Trog
  3600 | D        | Reached skill level 5 in Evocations
  3636 | D        | Received a gift from Trog
  3636 | D        | Reached XP level 16. HP: 143/177 MP: 7/21
  3665 | D        | Noticed a sphinx
  3665 | D        | Noticed a titan
  3672 | D        | Killed a sphinx
  3686 | D        | Received a gift from Trog
  3693 | D        | Killed a titan
  3693 | D        | Reached skill level 10 in Evocations
  3705 | D        | Noticed a shadow dragon
  3707 | D        | Noticed a shadow dragon
  3722 | D        | Received a gift from Trog
  3731 | D        | Killed a shadow dragon
  3739 | D        | Killed a shadow dragon
  3755 | D        | Received a gift from Trog
  3893 | D        | Noticed a shadow dragon
  3893 | D        | Noticed a titan
  3893 | D        | Noticed a shadow dragon
  3894 | D        | Noticed a shadow dragon
  3913 | D        | Killed a shadow dragon
  3921 | D        | Received a gift from Trog
  3924 | D        | Noticed a quicksilver dragon
  3924 | D        | Killed a titan
  3926 | D        | Noticed a lich
  3928 | D        | Killed a shadow dragon
  3944 | D        | Killed a shadow dragon
  3946 | D        | Noticed a Hell Sentinel
  3956 | D        | Killed a quicksilver dragon
  3957 | D        | Identified Sif Muna's Compendium of Earthen Heat
  3972 | D        | Killed a lich
  3972 | D        | Received a gift from Trog
  3981 | D        | Reached skill level 15 in Evocations
  3983 | D        | Got a silver rune of Zot
  3999 | D        | Got a crystal great sword {god gift}
  4004 | D        | Got a pitted quick blade {god gift}
  4005 | D        | Identified the +7 great sword "Kutialio" {slice, rPois rC++ MP-9} (Trog gifted it to you in the Dungeon)
  4006 | D        | Identified the +6 quick blade "Qeich" {drain, *Noise rN++ Str+3 Stlth+} (Trog gifted it to you in the Dungeon)
  4041 | D        | Noticed a tengu reaver
  4047 | D        | Noticed Sojobo
  4055 | D        | Killed a tengu reaver
  4070 | D        | Killed Sojobo
  4072 | D        | Noticed a tengu reaver
  4089 | D        | Killed a tengu reaver
  4089 | D        | Received a gift from Trog
  4120 | D        | Noticed Mara
  4125 | D        | Noticed igo's illusion
  4342 | D        | Got a barnacled rune of Zot
  4479 | D        | Noticed igo's illusion
  4607 | D        | Killed Mara
  4724 | D        | Noticed Mennas
  4747 | D        | Killed Mennas
  4747 | D        | Reached XP level 17. HP: 94/192 MP: 29/29
  4786 | D        | Got the ring of Ru's Favour {+Inv EV+3 Str+3}
  4788 | D        | Got the amulet of Harmony {rPois rF+ Regen+ Int-3}
  4801 | D        | Got the amulet of Yre Douc {Spirit rN+ Slay+3}
  4803 | D        | Got the ring of the Failed Coup {*Corrode +Blink +Fly Int+8 Dex+3}
  4805 | D        | Got the ring of Xalu {Wiz Str+4 Dex+2 Stlth-}
  5036 | D        | Noticed Agnes
  5046 | D        | Killed Agnes
  5086 | D        | Noticed a quicksilver dragon
  5092 | D        | Received a gift from Trog
  5102 | D        | Received a gift from Trog
  5125 | D        | Killed a quicksilver dragon
  5194 | D        | Noticed a bone dragon
  5200 | D        | Noticed a bone dragon
  5203 | D        | Received a gift from Trog
  5222 | D        | Killed a bone dragon
  5238 | D        | Killed a bone dragon
  5256 | D        | Received a gift from Trog
  5302 | D        | Received a gift from Trog
  5344 | D        | Received a gift from Trog
  5353 | D        | Reached skill level 27 in Armour
  5353 | D        | Reached skill level 27 in Dodging
  5452 | D        | Noticed a tentacled monstrosity
  5463 | D        | Noticed a golden dragon
  5469 | D        | Killed a tentacled monstrosity
  5469 | D        | Received a gift from Trog
  5491 | D        | Killed a golden dragon
  5510 | D        | Noticed a tentacled monstrosity
  5510 | D        | Noticed a curse toe
  5517 | D        | Killed a tentacled monstrosity
  5520 | D        | Noticed a tentacled monstrosity
  5536 | D        | Killed a tentacled monstrosity
  5536 | D        | Received a gift from Trog
  5548 | D        | Killed a curse toe
  5667 | D        | Noticed a tentacled monstrosity
  5669 | D        | Killed a tentacled monstrosity
  5669 | D        | Gained mutation: You passively map a large area around you. [Deep Dwarf growth]
  5669 | D        | Reached XP level 18. HP: 190/212 MP: 0/34
  5673 | D        | Received a gift from Trog
  5674 | D        | Noticed a golden dragon
  5706 | D        | Received a gift from Trog
  5730 | D        | Killed a golden dragon
  5730 | D        | Reached skill level 27 in Evocations
  5868 | D        | Noticed an Orb Guardian
  5868 | D        | Noticed an Orb Guardian
  5868 | D        | Noticed an Orb Guardian
  5868 | D        | Noticed an Orb Guardian
  5868 | D        | Noticed an Orb Guardian
  5879 | D        | Killed an Orb Guardian
  5881 | D        | Noticed an Orb Guardian
  5885 | D        | Killed an Orb Guardian
  5888 | D        | Killed an Orb Guardian
  5888 | D        | Reached skill level 27 in Fighting
  5893 | D        | Killed an Orb Guardian
  5893 | D        | Received a gift from Trog
  5903 | D        | Killed an Orb Guardian
  5914 | D        | Killed an Orb Guardian
  5916 | D        | Noticed an Orb Guardian
  5917 | D        | Noticed an Orb Guardian
  5918 | D        | Noticed an Orb Guardian
  5926 | D        | Killed an Orb Guardian
  5926 | D        | Reached skill level 10 in Spellcasting
  5932 | D        | Killed an Orb Guardian
  5944 | D        | Killed an Orb Guardian
  5968 | D        | Noticed a tentacled monstrosity
  5968 | D        | Noticed an Orb Guardian
  5968 | D        | Noticed an Orb Guardian
  5969 | D        | Noticed an Orb Guardian
  5971 | D        | Killed a tentacled monstrosity
  5972 | D        | Noticed an Orb Guardian
  5978 | D        | Killed an Orb Guardian
  5981 | D        | Killed an Orb Guardian
  5981 | D        | Reached skill level 15 in Spellcasting
  5985 | D        | Killed an Orb Guardian
  5994 | D        | HP: 10/218 [Orb Guardian (10)]
  6020 | D        | Killed an Orb Guardian
  6416 | D        | Noticed an ancient lich
  6421 | D        | Killed an ancient lich
  6467 | D        | Noticed an orb of fire
  6467 | D        | Gained mutation: Your spells are a little easier to cast, but a little less powerful. [an orb of fire]
  6479 | D        | Killed an orb of fire
  6516 | D        | Noticed an electric golem
  6531 | D        | Killed an electric golem
  6536 | D        | Noticed an Orb Guardian
  6536 | D        | Noticed an Orb Guardian
  6536 | D        | Noticed an orb of fire
  6536 | D        | Noticed an electric golem
  6536 | D        | Noticed an Orb Guardian
  6543 | D        | Killed an Orb Guardian
  6544 | D        | Noticed an orb of fire
  6554 | D        | Noticed an orb of fire
  6557 | D        | Gained mutation: You are frail. (-10% HP) [an orb of fire]
  6560 | D        | Gained mutation: You have sharp toenails. [an orb of fire]
  6562 | D        | Killed an orb of fire
  6562 | D        | Reached * piety under Trog
  6562 | D        | Reached XP level 19. HP: 155/203 MP: 42/44
  6579 | D        | Killed an orb of fire
  6579 | D        | Fell from the grace of Trog
  6592 | D        | Killed an orb of fire
  6644 | D        | HP: 7/203 [electric golem/bolt of lightning (38)]
  6646 | D        | Killed an electric golem
  8123 | D        | Became a worshipper of the Shining One
  9600 | D        | Noticed a golden dragon
  9601 | D        | Reached * piety under the Shining One
  9625 | D        | Noticed an electric golem
  9628 | D        | Killed a golden dragon
  9644 | D        | Killed an electric golem
  9661 | D        | Reached ** piety under the Shining One
  9665 | D        | Reached *** piety under the Shining One
  9699 | D        | HP: 9/203 [Orb Guardian (8)]
  9709 | D        | Reached **** piety under the Shining One
  9783 | D        | Reached skill level 5 in Invocations
  9800 | D        | Reached skill level 10 in Invocations
  9809 | D        | Reached skill level 27 in Spellcasting
  9857 | D        | Reached skill level 15 in Invocations
  9925 | D        | Paralysed by Trog for 4 turns
  9987 | D        | Reached ***** piety under the Shining One
  9991 | D        | Noticed an ancient lich
  9996 | D        | Reached ****** piety under the Shining One
  9998 | D        | Noticed a lich
 10013 | D        | Killed an ancient lich
 10040 | D        | Killed a lich
 10044 | D        | Reached XP level 20. HP: 98/212 MP: 50/50
 10147 | D        | Reached skill level 27 in Invocations
 10166 | D        | Reached skill level 10 in Stealth
 10258 | D        | HP: 6/212 [deep elf high priest/divine providence (13)]
 10279 | D        | Got an elven rune of Zot
 10379 | D        | Reached skill level 15 in Stealth
 10464 | D        | Paralysed by a floating eye for 3 turns
 10485 | D        | Noticed the Royal Jelly
 10637 | D        | Killed the Royal Jelly
 10722 | D        | Paralysed by a floating eye for 2 turns
 10751 | D        | Reached skill level 27 in Stealth
 10751 | D        | Reached skill level 5 in Throwing
 10756 | D        | Got a slimy rune of Zot
 10760 | D        | Learned a level 2 spell: Repel Missiles
 10773 | D        | Learned a level 2 spell: Blink
 10779 | D        | Learned a level 5 spell: Dispel Undead
 10875 | D        | Reached skill level 5 in Necromancy
 10909 | D        | Reached skill level 15 in Necromancy
 11114 | D        | Noticed a greater mummy
 11114 | D        | Noticed a greater mummy
 11114 | D        | Noticed a greater mummy
 11114 | D        | Noticed a greater mummy
 11114 | D        | Noticed a greater mummy
 11119 | D        | Killed a greater mummy
 11122 | D        | Killed a greater mummy
 11122 | D        | Reached XP level 21. HP: 59/217 MP: 41/41
 11127 | D        | Killed a greater mummy
 11134 | D        | Killed a greater mummy
 11142 | D        | Killed a greater mummy
 11148 | D        | Got a golden rune of Zot
 11211 | D        | Got an abyssal rune of Zot
 11360 | D        | Noticed Geryon
 11372 | D        | Killed Geryon
 11372 | D        | Reached skill level 27 in Necromancy
 11372 | D        | Reached skill level 1 in Air Magic
 11380 | D        | Learned a level 6 spell: Statue Form
 11383 | D        | Noticed Cerebov
 11383 | D        | Noticed Asmodeus
 11384 | D        | Noticed Lom Lobon
 11472 | D        | HP: 9/219 [Brimstone Fiend/damnation[Cerebov] (27)]
 11474 | D        | Killed from afar by a Brimstone Fiend

Skill      XL: |  1  2  3  4  5  6  7  8  9 10 11 12 13 14 15 16 17 18 19 20 21 |
---------------+----------------------------------------------------------------+-----
Fighting       | 4 7 9 10 11 13 14 15 17 19 22 25 27 | 27.0
Long Blades    | 6 10 11 13 14 16 18 20 22 25 27 | 27.0
Armour         | 4 7 9 10 11 13 14 16 18 20 22 25 27 | 27.0
Dodging        | 4 7 9 10 11 13 14 16 18 20 22 25 27 | 27.0
Evocations     | 7 17 25 27 | 27.0
Spellcasting   | 21 27 | 27.0
Invocations    | 24 27 | 27.0
Stealth        | 27 | 27.0
Throwing       | 5 |  5.9
Necromancy     | 22 27 | 27.0
Charms         | 2 |  2.0
Translocations | 2 |  2.5
Air Magic      | 1 |  1.6

Action                   |  1- 3 |  4- 6 |  7- 9 | 10-12 | 13-15 | 16-18 | 19-21 || total
-------------------------+-------+-------+-------+-------+-------+-------+-------++-------
Melee: Falchion          |    19 |     7 |       |       |       |       |       ||    26
       Scimitar          |       |     5 |    70 |    34 |       |       |       ||   109
       Triple sword      |       |       |       |   255 |   506 |   692 |   552 ||  2005
       Great sword       |       |       |       |    24 |   160 |       |       ||   184
Invok: Berserk           |     1 |       |     2 |       |     3 |     4 |       ||    10
       Trog's Hand       |       |     1 |     4 |    16 |    27 |    35 |       ||    83
       Brothers in Arms  |       |       |     1 |       |     8 |     4 |       ||    13
       Summon Divine War |       |       |       |       |       |       |     3 ||     3
       Cleansing Flame   |       |       |       |       |       |       |     5 ||     5
       Divine Shield     |       |       |       |       |       |       |     1 ||     1
 Abil: Evoke Blink       |       |       |       |       |       |       |    14 ||    14
       Device Recharging |       |       |       |       |       |       |    16 ||    16
Evoke: Wand              |       |       |     2 |     5 |     5 |     4 |    80 ||    96
  Use: Potion            |     1 |     1 |     4 |     7 |     7 |    16 |     1 ||    37
       Scroll            |       |       |     3 |       |     8 |     6 |     6 ||    23
 Stab: Invisible         |       |     2 |     5 |       |       |       |       ||     7
       Distracted        |       |       |       |       |     1 |       |       ||     1
       Confused          |       |       |       |       |     1 |       |       ||     1
  Eat: Chunk             |       |       |     3 |    12 |    18 |    15 |     1 ||    49
       Bread ration      |       |       |       |       |     2 |     4 |     4 ||    10
Armor: Animal skin       |     2 |       |       |       |       |       |       ||     2
       Chain mail        |       |     1 |    16 |    59 |       |       |       ||    76
       Fire dragon scale |       |       |       |    75 |   133 |       |       ||   208
       Plate armour      |       |       |       |       |   174 |   136 |    21 ||   331
       Gold dragon scale |       |       |       |       |       |   263 |   205 ||   468
Dodge: Dodged            |    16 |     5 |    44 |   240 |   462 |   413 |   352 ||  1532
Block: Other             |       |       |       |       |       |     4 |     8 ||    12
       Rpst.: Falchion   |     4 |       |       |       |       |       |       ||     4
       Scimitar          |       |     1 |    13 |     7 |       |       |       ||    21
       Triple sword      |       |       |       |    44 |    62 |    69 |    69 ||   244
       Great sword       |       |       |       |     4 |    20 |       |       ||    24
